 Dungeon Crawl Stone Soup version 0.32-a0-898-g7811c86cf0 (webtiles) character file.

Game seed: 16236778175698354939

129 GiantSquids the Chopper (level 4, 0/38 HPs)
             Began as a Mountain Dwarf Fighter on Apr 5, 2024.
             Slain by a black bear (5 damage)
             ... on level 3 of the Dungeon.
             The game lasted 00:02:34 (1901 turns).

GiantSquids the Chopper (Mountain Dwarf Fighter)    Turns: 1901, Time: 00:02:35

Health: 0/38       AC:  6    Str: 20    XL:     4   Next: 88%
Magic:  4/4        EV: 13    Int:  9    God:
Gold:   201        SH:  4    Dex:  9    Spells: 3/3 levels left

rFire   . . .        a - +0 war axe
rCold   . . .        c - +0 buckler
rNeg    . . .        b - +0 scale mail
rPois   .            (no helmet)
rElec   .            (no cloak)
rCorr   .            (no gloves)
SInv    .            (no boots)
Will    .....        (no amulet) Stlth
                     e - ring of flight
HPRegen 0.26/turn    o - +5 ring of evasion
MPRegen 0.09/turn

%: no passive effects
@: flying
A: runic magic, artefact enchanting
a: no special abilities


You were on level 3 of the Dungeon.
You visited 1 branch of the dungeon, and saw 3 of its levels.

You collected 201 gold pieces.

Inventory:

Hand Weapons
 a - a +0 war axe (weapon)
Missiles
 g - 2 throwing nets (quivered)
 j - 3 javelins
 l - 20 stones
Armour
 b - a +0 scale mail (worn)
 c - a +0 buckler (worn)
Jewellery
 e - a ring of flight (left hand)
 o - a +5 ring of evasion (right hand)
Wands
 i - a wand of flame (36)
Scrolls
 f - 3 scrolls of identify {unknown}
 h - a scroll of vulnerability {unknown}
 p - a scroll of acquirement {unknown}
Potions
 d - 2 potions of might
 k - a potion of curing {unknown}
 m - a potion of mutation {unknown}
 n - a potion of heal wounds {unknown}


   Skills:
 - Level 3.2 Fighting
 + Level 6.2 Axes
 - Level 3.2 Armour
 - Level 3.2 Shields


You had 3 spell levels left.
You didn't know any spells.
Your spell library contained the following spells:

 Spells                   Type           Power      Damage    Failure   Level
 Call Imp                 Summ           0%         N/A       69%         2
 Sublimation of Blood     Necr           0%         N/A       69%         2
 Summon Hydra             Summ           0%         N/A       100%        7


Dungeon Overview and Level Annotations

Branches:
Dungeon (3/15)

Altars:

Annotations:
D:2 1 runed translucent door, Crazy Yiuf


Innate Abilities, Weirdness & Mutations

Your spellcasting is much less encumbered by armour.
You can use scrolls of enchantment on lesser artefacts.


Message History

The black bear claws you but does no damage.
You slash the black bear!
The black bear is severely wounded.
The black bear bites you but does no damage.
The black bear claws you. You block the black bear's attack.
You barely miss the black bear.
The black bear is severely wounded.
The black bear closely misses you.
The black bear claws you but does no damage.
You block the black bear's attack.
You closely miss the black bear.
The black bear is severely wounded.
The black bear bites you. The black bear claws you.
The black bear closely misses you.
You closely miss the black bear.
The black bear is severely wounded.
The black bear bites you.
* * * LOW HITPOINT WARNING * * *
The black bear barely misses you. x2; The black bear bites you.
* * * LOW HITPOINT WARNING * * *
The black bear barely misses you.
The black bear claws you but does no damage.
You barely miss the black bear.
The black bear is severely wounded.
You block the black bear's attack.
The black bear claws you but does no damage. x2
You barely miss the black bear.
The black bear is severely wounded.
The black bear misses you. The black bear closely misses you.
The black bear misses you.
You hit the black bear.
The black bear is severely wounded.
The black bear bites you.
* * * LOW HITPOINT WARNING * * *
The black bear claws you but does no damage. x2
You barely miss the black bear.
The black bear is severely wounded.
The black bear goes berserk!
The black bear closely misses you. The black bear barely misses you.
The black bear claws you.
You die...

#..# ##.# #.# #†##
#..# ##.## #..###
##...#########+++#
###......@h.....#
###############


You could see a black bear (berserk).

Vanquished Creatures
  Ijyb (D:3)
  2 adders
  4 dart slugs
  A ribbon worm (D:2)
  4 bats
  5 endoplasms
  13 giant cockroaches
  5 goblins
  4 hobgoblins
  2 jackals (D:3)
  6 kobolds
  6 quokkas
  3 ball pythons
  4 frilled lizards
  7 rats
67 creatures vanquished.

Notes
Turn   | Place    | Note
-------+----------+-------------------------------------------
     0 | D:1      | GiantSquids the Mountain Dwarf Fighter began the quest for
                  | the Orb.
     0 | D:1      | Reached XP level 1. HP: 19/19 MP: 1/1
    22 | D:1      | Reached skill level 3 in Axes
    24 | D:1      | Reached XP level 2. HP: 26/26 MP: 2/2
    64 | D:1      | Reached skill level 4 in Axes
   496 | D:2      | Reached XP level 3. HP: 24/31 MP: 3/3
   743 | D:2      | Reached skill level 5 in Axes
   795 | D:2      | Reached XP level 4. HP: 36/38 MP: 4/4
  1355 | D:2      | Found a runed translucent door.
  1356 | D:2      | Noticed Crazy Yiuf
  1689 | D:3      | Noticed Ijyb
  1706 | D:3      | Killed Ijyb
  1707 | D:3      | Reached skill level 6 in Axes
  1883 | D:3      | Noticed a black bear
  1901 | D:3      | Slain by a black bear

Illustrated notes

Levels and vault maps discovered:
D:1:      roderic_chinese_lattice_arrival, layout_basic, nicolae_the_louvre
D:2:      minmay_roachtagon, layout_loops_corners, grunt_ministairs_3,
          minmay_between, uniq_crazy_yiuf_cottage
D:3:      layout_rooms, chei_slow_surprise, nemelex_altar_shiori,
          minmay_joined_circles, uniq_ijyb

Skill      XL: |  1  2  3  4 |
---------------+-------------+-----
Axes           | 3 4 5 6 |  6.2
Fighting       | |  3.2
Armour         | |  3.2
Shields        | |  3.2

Action                     |  1- 3 |  4- 6 || total
---------------------------+-------+-------++-------
  Melee: War axe           |   107 |    70 ||   177
 Armour: Scale mail        |    94 |    71 ||   165
  Dodge: Dodged            |    49 |    50 ||    99
  Block: Buckler           |    35 |    21 ||    56

Table legend: (Time is in decaauts)
 A = Elapsed time spent in this place.
 B = Non-inter-level travel time spent in this place.
 C = Inter-level travel time spent in this place.
 D = Time resting spent in this place.
 E = Time spent auto-exploring this place.
 F = Levels seen in this place.
 G = Mean time per level.
                   A        B        C        D        E       F      G
               +--------+--------+--------+--------+--------+-----+--------+
         Total |   1952 |   1881 |     71 |      0 |   1501 |   3 |  650.7 |
       Dungeon |   1952 |   1881 |     71 |      0 |   1501 |   3 |  650.7 |
               +--------+--------+--------+--------+--------+-----+--------+

Top non-repeatable levels by time:
     D:2: 1211 daAuts
     D:1: 447 daAuts
     D:3: 293 daAuts
